 Dungeon Crawl Stone Soup version 0.25-a0-578-gc91f01c39c (webtiles) character file.

Game seed: 18423050197728099315, levelgen mode: deterministic

46436 Flugslaktarn the Cleaver (level 13, -4/121 HPs)
             Began as a Deep Dwarf Fighter on Mar 3, 2020.
             Was a High Priest of Makhleb.
             Slain by an Executioner (13 damage)
             ... summoned by the player character
             ... on level 13 of the Dungeon.
             The game lasted 00:10:10 (9244 turns).

Flugslaktarn the Cleaver (Deep Dwarf Fighter)       Turns: 9244, Time: 00:10:10

Health: -4/121     AC: 24    Str: 24    XL:     13   Next: 36%
Magic:  6/6        EV:  6    Int:  8    God:    Makhleb [*****.]
Gold:   178        SH: 13    Dex: 12    Spells: 12/12 levels left

rFire    + . .     SeeInvis .   r - +2 hand axe (freeze)
rCold    . . .     Gourm    .   c - +1 kite shield
rNeg     . . .     Faith    .   G - +0 plate armour
rPois    .         Spirit   .   y - +0 helmet
rElec    .         Reflect  .   g - +0 cloak
rCorr    .         Harm     .   E - +2 pair of gloves
MR       ++...                  C - +2 pair of boots
Stlth    ..........             l - amulet of the acrobat
HPRegen  0.00/turn              m - ring of protection from magic
MPRegen  0.10/turn              f - ring of protection from fire

@: non-regenerating, hasted, very quick
A: damage resistance, heal wounds, dopey 1, sense surroundings 2, no
regeneration
}: 1/15 runes: abyssal
a: Heal Wounds, Minor Destruction, Lesser Servant of Makhleb, Major Destruction,
Greater Servant of Makhleb, Renounce Religion


You were on level 13 of the Dungeon.
You worshipped Makhleb.
Makhleb was extremely pleased with you.
You were not hungry.

You visited 2 branches of the dungeon, and saw 15 of its levels.
You visited the Abyss 1 time.

You collected 317 gold pieces.
You spent 139 gold pieces at shops.

Inventory:

Hand Weapons
 a - a +0 war axe
 r - a +2 hand axe of freezing (weapon)
   (You took it off an orc priest on level 13 of the Dungeon)
Armour
 c - a +1 kite shield (worn)
 g - a +0 cloak (worn)
   (You found it on level 12 of the Dungeon)
 y - a +0 helmet (worn)
   (You bought it in a shop on level 10 of the Dungeon)
 C - a +2 pair of boots (worn)
   (You found it on level 7 of the Dungeon)
 E - a +2 pair of gloves (worn)
   (You found it on level 6 of the Dungeon)
 G - a +0 plate armour (worn)
   (You took it off an orc warrior on level 9 of the Dungeon)
Jewellery
 f - a ring of protection from fire (right hand)
   (You found it on level 8 of the Dungeon)
 l - an amulet of the acrobat (around neck)
   (You found it on level 3 of the Dungeon)
 m - a ring of protection from magic (left hand)
   (You found it on level 8 of the Dungeon)
 s - an uncursed amulet of magic regeneration
   (You found it on level 12 of the Dungeon)
Wands
 o - a wand of paralysis (5)
   (You found it on level 3 of the Dungeon)
 p - a wand of iceblast (21)
   (You took it off Ijyb on level 4 of the Dungeon)
 v - a wand of digging (7)
   (You found it on level 12 of the Dungeon)
Scrolls
 k - 2 scrolls of enchant weapon
 x - 5 scrolls of remove curse
Potions
 b - 2 potions of mutation
 j - a potion of lignification {unknown}
 n - a potion of resistance
 q - 6 potions of curing
 u - a potion of stabbing
 B - 2 potions of brilliance
Comestibles
 e - 14 rations


   Skills:
 + Level 9.4 Fighting
 * Level 14.5 Axes
 + Level 10.9 Armour
 + Level 11.0 Shields
 + Level 11.3 Invocations


You had 12 spell levels left.
You didn't know any spells.
Your spell library was empty.

Dungeon Overview and Level Annotations

Branches:
Dungeon (14/15)            Temple (1/1) D:6            Lair (0/6) D:11
    Orc (0/2) D:11
 Vaults: D:13-14

Altars:
Ashenzari
Dithmenos
Elyvilon
Fedhas
Gozag
Hepliaklqana
Kikubaaqudgha
Makhleb
Nemelex Xobeh
Okawaru
Qazlal
Ru
Sif Muna
Trog
Uskayaw
Vehumet
Wu Jian
Xom
Yredelemnul
Zin
The Shining One
Beogh

Shops:
D:10 [

Annotations:
D:1 1 runed translucent door
D:6 1 runed translucent door, louiscrawler's ghost, novice DrIE
D:7 1 runed translucent door, exclusion: statue, Flugslaktarn's ghost, novice DDFi
D:12 Maurice
D:13 Frances
D:14 Azrael


Innate Abilities, Weirdness & Mutations

You are resistant to damage.
You can heal yourself by infusing magical energy.
You passively map the area around you.
You do not regenerate.
You are dopey. (Int -2)


Message History

* * * LOW HITPOINT WARNING * * *
The Executioner hits you but does no damage. x2
You feel much better.
The Executioner hits you but does no damage.
You block the Executioner's attack. The Executioner barely misses you.
Frances whispers indecipherable words.
The shard of ice hits you but does no damage.
You block the Executioner's attack. x2; The Executioner barely misses you.
Frances mutters a nigh-unspeakable word.
The Executioner misses you. x2; The Executioner completely misses you.
Your hellwing hits the Executioner! Your hellwing misses the Executioner.
The ogre barely misses you.
You feel much better.
The Executioner hits you but does no damage. x2
The Executioner barely misses you.
Frances whispers indecipherable words.
The iron shot hits you!!!
* * * LOW HITPOINT WARNING * * *
The Executioner hits you!
You die...

* * * #+# * * #.# *
, #.# * ,* * ##.###
* ##....## , *,
##......##### , ,
#............,, *
.##.##.O@.>....##**
.......@14....## ,
###.###......## .
#####.## * * ** *##


You could see Frances, an Executioner, an ogre and a friendly hellwing.

Vanquished Creatures
  Nessos (D:12)
  Josephine (D:12)
  Fannar (D:12)
  A catoblepas (D:13)
  2 ogre magi (Abyss:3)
  5 two-headed ogres
  2 thrashing horrors (Abyss:3)
  3 skeletal warriors (D:14)
  An unseen horror (D:11)
  A wolf spider zombie (D:14)
  4 ugly things (D:12)
  A cyclops (D:11)
  2 manticores
  2 komodo dragons (D:12)
  A kobold demonologist (D:11)
  An efreet (D:14)
  A redback zombie (D:14)
  4 trolls
  Prince Ribbit (D:8)
  A small abomination (Abyss:3)
  A hippogriff (D:8)
  A shadow (D:11)
  4 starcursed masses (Abyss:3)
  A large abomination (Abyss:3)
  A yak (D:11)
  A spriggan (D:11)
  3 wyverns
  A water elemental (D:12)
  4 wraiths (D:12)
  3 fire elementals (D:14)
  Eustachio (D:4)
  Grum (D:9)
  A basilisk (D:14)
  5 chaos spawn (Abyss:3)
  5 vampire mosquitoes (D:12)
  2 fire bats (Abyss:3)
  A soldier ant (D:14)
  A water moccasin (D:10)
  A porcupine (D:11)
  3 hell hounds (D:14)
  10 orc warriors
  2 necrophages
  3 ice beasts
  2 black bears
  A phantom (D:4)
  4 sky beasts
  2 eyes of draining (D:12)
  2 hornet zombies (D:12)
  4 ogres
  4 wolves
  7 centaurs
  3 crocodiles (D:12)
  3 big kobolds
  A wyvern zombie (D:14)
  6 bullfrogs
  6 scorpions
  10 killer bees
  4 howler monkeys
  10 wights
  6 crimson imps
  3 centaur zombies
  2 bullfrog zombies
  8 orc priests
  3 jellies
  A bullfrog skeleton (D:5)
  6 centaur skeletons
  4 hounds
  Ijyb (D:4)
  5 iguanas
  10 orc wizards
  5 worker ants
  A hound skeleton (D:6)
  2 mummies (D:14)
  A worker ant zombie (D:8)
  12 adders
  2 howler monkey skeletons
  3 gnolls (D:3)
  4 shadow imps
  An ufetubus (D:14)
  An ooze (D:3)
  3 adder skeletons
  4 dart slugs
  3 leopard geckos
  50 orcs
  6 bats
  4 giant cockroaches
  6 goblins
  5 hobgoblins
  5 jackals
  2 quokkas
  A ball python (D:2)
  3 frilled lizards
  24 kobolds
  A leopard gecko skeleton (D:4)
  2 rats
  2 fungi (D:11)
  2 plants (D:11)
365 creatures vanquished.

Vanquished Creatures (collateral kills)
  Louise (D:14)
  A hydra (D:11)
  An ogre mage (D:14)
  2 skeletal warriors (D:14)
  A shadow (D:14)
  A hornet zombie (D:14)
  A bullfrog (D:13)
8 creatures vanquished.

Vanquished Creatures (others)
  A meliai zombie (D:14)
  A fire bat (Abyss:3)
  A soldier ant (D:14)
  A wyvern zombie (D:14)
  An orc (D:14)
  5 fungi (D:11)
  4 plants
  2 withered plants (D:14)
16 creatures vanquished.

Grand Total: 389 creatures vanquished

Notes
Turn   | Place    | Note
-------+----------+-------------------------------------------
     0 | D:1      | Flugslaktarn the Deep Dwarf Fighter began the quest for the
                  | Orb.
     0 | D:1      | Reached XP level 1. HP: 20/20 MP: 1/1
     1 | D:1      | Found a runed translucent door.
    65 | D:2      | Reached XP level 2. HP: 25/27 MP: 2/2
   128 | D:2      | Found an ancient bone altar of Kikubaaqudgha.
   129 | D:2      | Found a blossoming altar of Fedhas.
   151 | D:2      | Reached XP level 3. HP: 22/33 MP: 3/3
   151 | D:2      | Reached skill level 3 in Axes
   156 | D:2      | Found a sacrificial altar of Ru.
   455 | D:3      | Reached XP level 4. HP: 24/42 MP: 4/4
   491 | D:3      | Found a shadowy altar of Dithmenos.
   813 | D:4      | Noticed Ijyb
   837 | D:4      | Killed Ijyb
   837 | D:4      | Reached skill level 4 in Axes
   837 | D:4      | Reached XP level 5. HP: 36/49 MP: 5/5
   994 | D:4      | Noticed an ogre
  1009 | D:4      | Killed an ogre
  1009 | D:4      | Reached XP level 6. HP: 10/56 MP: 6/6
  1060 | D:4      | Found a glowing golden altar of the Shining One.
  1151 | D:4      | Reached skill level 5 in Axes
  1227 | D:4      | Noticed Eustachio
  1252 | D:4      | Killed Eustachio
  1252 | D:4      | Reached XP level 7. HP: 33/64 MP: 7/7
  1340 | D:5      | Entered Level 5 of the Dungeon
  1465 | D:5      | Reached skill level 5 in Shields
  1477 | D:5      | Reached skill level 5 in Armour
  1513 | D:5      | Found a stormy altar of Qazlal.
  1753 | D:5      | Reached skill level 6 in Axes
  1781 | D:5      | Found a hazy altar of Hepliaklqana.
  1870 | D:6      | Found a staircase to the Ecumenical Temple.
  1876 | D:6      | Found a runed translucent door.
  1882 | D:6      | Noticed louiscrawler's ghost (novice DrIE)
  1926 | Temple   | Entered the Ecumenical Temple
  2013 | Temple   | Became a worshipper of Makhleb the Destroyer
  2088 | D:6      | Found an ornate altar of the Wu Jian Council.
  2187 | D:6      | Reached XP level 8. HP: 61/73 MP: 8/8
  2211 | D:6      | Reached skill level 1 in Invocations
  2679 | D:7      | Reached skill level 7 in Axes
  2709 | D:7      | Found a radiant altar of Vehumet.
  2856 | D:7      | Reached skill level 5 in Fighting
  2874 | D:7      | Found a runed translucent door.
  2874 | D:7      | Noticed Flugslaktarn's ghost (novice DDFi)
  2899 | D:7      | Reached * piety under Makhleb
  3426 | D:8      | Noticed Prince Ribbit
  3516 | D:8      | Reached skill level 8 in Axes
  3564 | D:8      | Gained mutation: You passively map the area around you.
                  | [Deep Dwarf growth]
  3564 | D:8      | Reached XP level 9. HP: 53/81 MP: 11/11
  3622 | D:8      | Noticed Grum
  3673 | D:8      | Found a stormy altar of Qazlal.
  3784 | D:8      | Killed Prince Ribbit
  4044 | D:9      | Reached skill level 9 in Axes
  4055 | D:9      | Reached skill level 5 in Invocations
  4080 | D:9      | Reached ** piety under Makhleb
  4183 | D:9      | Noticed a troll
  4200 | D:9      | Killed a troll
  4314 | D:9      | Reached XP level 10. HP: 77/91 MP: 12/12
  4399 | D:9      | Found a sparkling altar of Nemelex Xobeh.
  4401 | D:9      | Found a shimmering altar of Xom.
  4403 | D:9      | Found a glowing silver altar of Zin.
  4431 | D:9      | Noticed a two-headed ogre
  4441 | D:9      | Killed a two-headed ogre
  4441 | D:9      | Reached skill level 10 in Axes
  4730 | D:9      | Killed Grum
  4754 | D:10     | Entered Level 10 of the Dungeon
  4910 | D:10     | Found Reng's Antique Armour Boutique.
  4926 | D:10     | Bought a helmet for 139 gold pieces
  4995 | D:10     | Noticed a two-headed ogre
  5007 | D:10     | Killed a two-headed ogre
  5043 | D:10     | Noticed a manticore
  5057 | D:10     | Killed a manticore
  5704 | D:11     | Reached *** piety under Makhleb
  5763 | D:11     | Noticed a two-headed ogre
  5770 | D:11     | Killed a two-headed ogre
  5770 | D:11     | Reached skill level 11 in Axes
  5812 | D:11     | Found a staircase to the Orcish Mines.
  5834 | D:11     | Reached XP level 11. HP: 98/100 MP: 14/14
  5956 | D:11     | Killed an unseen horror
  6246 | D:11     | Found a staircase to the Lair.
  6259 | D:11     | Noticed a soul eater
  6348 | D:11     | Noticed an eight-headed hydra
  6357 | D:11     | Killed a ten-headed hydra
  6722 | D:12     | Noticed Maurice
  6826 | D:12     | Reached skill level 12 in Axes
  6846 | D:12     | Reached **** piety under Makhleb
  6941 | D:12     | Noticed Josephine
  6997 | D:12     | Killed Josephine
  7236 | D:12     | Found a hide-covered altar of Uskayaw.
  7247 | D:12     | Noticed Nessos
  7287 | D:12     | Killed Nessos
  7287 | D:12     | Reached XP level 12. HP: 54/110 MP: 12/14
  7322 | D:12     | Noticed Fannar
  7384 | D:12     | Killed Fannar
  7420 | D:12     | Noticed a two-headed ogre
  7505 | D:12     | Killed a two-headed ogre
  7516 | D:12     | Reached skill level 13 in Axes
  7727 | D:12     | Reached skill level 10 in Armour
  7727 | D:12     | Reached skill level 10 in Shields
  7727 | D:12     | Reached skill level 10 in Invocations
  8273 | D:13     | Noticed a two-headed ogre
  8283 | D:13     | Killed a two-headed ogre
  8296 | D:13     | Reached ***** piety under Makhleb
  8382 | D:13     | Found a roughly hewn altar of Beogh.
  8480 | D:13     | Noticed a catoblepas
  8516 | D:13     | Killed a catoblepas
  8621 | D:13     | You fall into a shaft and drop 1 floor!
  8688 | D:14     | Noticed Louise
  8702 | D:14     | Cast into level 3 of the Abyss (Louise)
  8703 | Abyss:3  | Noticed an ogre mage
  8703 | Abyss:3  | Noticed a fire dragon
  8703 | Abyss:3  | Noticed an ogre mage
  8703 | Abyss:3  | Noticed a fire dragon
  8710 | Abyss:3  | Killed an ogre mage
  8710 | Abyss:3  | Killed an ogre mage
  8718 | Abyss:3  | Noticed an ancient lich
  8718 | Abyss:3  | Noticed a lich
  8718 | Abyss:3  | Noticed an ancient lich
  8718 | Abyss:3  | Noticed a lich
  8718 | Abyss:3  | Noticed a lich
  8718 | Abyss:3  | Noticed a lich
  8726 | Abyss:3  | Got an abyssal rune of Zot
  8734 | Abyss:3  | Noticed a Tzitzimitl
  8742 | Abyss:3  | Found a corrupted altar of Lugonu.
  8787 | Abyss:3  | Noticed a starcursed mass
  8821 | Abyss:3  | Killed a starcursed mass
  8827 | Abyss:3  | Reached skill level 14 in Axes
  8827 | Abyss:3  | Reached XP level 13. HP: 121/121 MP: 9/9
  8901 | Abyss:3  | Noticed a bone dragon
  9024 | Abyss:3  | Found a corrupted altar of Lugonu.
  9074 | D:14     | Escaped the Abyss
  9107 | D:14     | Noticed Azrael
  9153 | D:14     | Noticed a ghoul
  9154 | D:14     | Noticed Frances
  9194 | D:14     | Killed Louise
  9221 | D:13     | Noticed an Executioner
  9230 | D:13     | Gained mutation: You are dopey. (Int -2) [a neqoxec]
  9240 | D:13     | HP: 3/121 [Frances/+0 mace (9)]
  9244 | D:13     | Slain by an Executioner

Levels and vault maps discovered:
D:1:      dpeg_arrival_caged_fury, layout_basic, interstate_on_off,
          hangedman_abyss_or_decor_lesser_grid, chequers_serial_rivers_micro_a
D:2:      layout_basic, grunt_temple_overflow_growth_and_decay,
          lemuel_crystal_altar
D:3:      kb_forest_paths, layout_loops_ring, minmay_door_square,
          grunt_dithmenos_smoke_and_mirrors
D:4:      layout_rooms, tso_oasis_becter, uniq_eustachio, uniq_ijyb
D:5:      layout_rooms, lemuel_coloured_pillars_altar, lemuel_round_altar,
          first_ration
D:6:      layout_loops_ring, old_standard_altar, temple_pool_b,
          ebering_ghost_sewer_d
D:7:      layout_basic, vehumet_statue, gammafunk_ghost_grave
D:8:      layout_basic, grunt_qazlal_sundering, uniq_prince_ribbit1, uniq_grum
D:9:      layout_long_grid, minitemple
D:10:     layout_basic, serial_shops, shop
D:11:     layout_loops_corners, due_lair_maze_entry_diamond, orc_0_dummy,
          grunt_pizzeria
D:12:     layout_roguey, basic_altar, serial_bayou_lagoon_a, minivault_4,
          minmay_alternating_orb, uniq_maurice, uniq_fannar, uniq_nessos,
          uniq_josephine
D:13:     layout_loops_corners, special_room [special_room_orc]
D:14:     layout_basic, grunt_vaults_entry_fortified, serial_undead,
          serial_undead_b, serial_undead_c, serial_undead_d, serial_undead_a,
          serial_undead_f, serial_undead_e, serial_undead_d, serial_undead_c,
          uniq_roxanne, uniq_frances, uniq_azrael, uniq_louise
Temple:   bh_familiar_temple

Skill      XL: |  1  2  3  4  5  6  7  8  9 10 11 12 13 |
---------------+----------------------------------------+-----
Axes           | 3 4 5 6 8 9 11 12 14 | 14.5
Fighting       | 3 4 5 6 7 8 9 |  9.4
Armour         | 4 5 6 7 8 9 10 | 10.9
Shields        | 4 5 6 7 8 9 10 11 | 11.0
Invocations    | 3 5 7 9 10 11 | 11.3

Action                   |  1- 3 |  4- 6 |  7- 9 | 10-12 | 13-15 || total
-------------------------+-------+-------+-------+-------+-------++-------
Melee: War axe           |   109 |   133 |   480 |  1053 |       ||  1775
       Hand axe          |       |       |       |   151 |   179 ||   330
Invok: Lesser Servant of |       |       |       |     2 |     1 ||     3
       Greater Servant o |       |       |       |       |     4 ||     4
 Abil: Heal Wounds       |     1 |     4 |    11 |    32 |    19 ||    67
Evoke: Wand              |       |       |       |     4 |       ||     4
  Use: Scroll            |       |       |    12 |    12 |     1 ||    25
       Potion            |       |       |       |     1 |     6 ||     7
 Stab: Paralysed         |       |       |       |     5 |       ||     5
       Petrified         |       |       |       |       |     9 ||     9
  Eat: Chunk             |       |     2 |    11 |    13 |       ||    26
       Ration            |       |       |       |     1 |     1 ||     2
Armor: Scale mail        |    52 |    78 |       |       |       ||   130
       Chain mail        |       |       |   282 |    10 |       ||   292
       Plate armour      |       |       |       |   622 |   218 ||   840
Dodge: Dodged            |    35 |    51 |   116 |   229 |   115 ||   546
Block: Kite shield       |    61 |    75 |   341 |   677 |   186 ||  1340

Table legend:
 A = Non-vault XP
 B = Vault XP
 C = Vault XP percentage of total XP
 D = Non-vault monster count
 E = Vault monster count
 F = Vault count percentage of total count
                 A         B        C        D         E       F
            +---------+---------+-------+---------+---------+-------
      Total |   28081 |   19685 |  41.2 |     277 |      92 |  24.9
            +---------+---------+-------+---------+---------+-------
        D:1 |       1 |       0 |   0.0 |       1 |       0 |   0.0
        D:2 |      51 |       0 |   0.0 |      21 |       0 |   0.0
        D:3 |     103 |      18 |  14.9 |      21 |       5 |  19.2
        D:4 |     323 |     239 |  42.5 |      14 |       2 |  12.5
        D:5 |     368 |       0 |   0.0 |      13 |       0 |   0.0
        D:6 |     397 |       0 |   0.0 |      10 |       0 |   0.0
        D:7 |     953 |       0 |   0.0 |      26 |       0 |   0.0
        D:8 |     717 |     517 |  41.9 |      20 |       3 |  13.0
        D:9 |    2921 |     309 |   9.6 |      30 |       2 |   6.2
       D:10 |    1957 |     115 |   5.6 |      12 |       1 |   7.7
       D:11 |    5857 |    1245 |  17.5 |      38 |      11 |  22.4
       D:12 |    3335 |    8352 |  71.5 |      31 |      22 |  41.5
       D:13 |    3135 |     984 |  23.9 |      11 |      24 |  68.6
       D:14 |    4234 |    5259 |  55.4 |      18 |      16 |  47.1
    Abyss:3 |    3729 |    2647 |  41.5 |      11 |       6 |  35.3
            +---------+---------+-------+---------+---------+-------
